 Dungeon Crawl Stone Soup version 0.21.1-1-g345015f (webtiles) character file.

82 letownia2 the Insei (level 4, -1/33 HPs)
             Began as a Demonspawn Gladiator on July 14, 2018.
             Slain by a shadow imp (2 damage)
             ... on level 4 of the Dungeon.
             The game lasted 00:01:49 (376 turns).

letownia2 the Insei (Demonspawn Gladiator)           Turns: 376, Time: 00:01:49

Health: -1/33      AC:  5    Str: 15    XL:     4   Next: 21%
Magic:  4/4        EV: 12    Int:  9    God:
Gold:   19         SH:  0    Dex: 15    Spells: 3/3 levels left

rFire    . . .     SeeInvis .     - Unarmed
rCold    + . .     Gourm    .   (no shield)
rNeg     . . .     Faith    .   f - +0 ring mail
rPois    .         Spirit   .   (helmet restricted)
rElec    .         Reflect  .   (no cloak)
rCorr    .         Harm     .   (no gloves)
MR       .....                  (no boots)
Stlth    +.........             (no amulet)
HPRegen  0.11/turn              i - ring of protection from cold
MPRegen  0.09/turn              (no ring)

@: no status effects
A: horns 1, demonic guardian 1
a: no special abilities


You were on level 4 of the Dungeon.
You were not hungry.

You visited 1 branch of the dungeon, and saw 4 of its levels.

You collected 19 gold pieces.

Inventory:

Missiles
 c - 3 throwing nets (quivered)
 k - a tomahawk
Armour
 a - a +0 leather armour
 b - a +0 helmet
 f - a +0 ring mail (worn)
 h - a +0 chain mail
Magical Staves
 g - an uncursed staff of poison
Jewellery
 i - a ring of protection from cold (left hand)
Scrolls
 e - a scroll of enchant armour {unknown}
Potions
 j - a potion of curing {unknown}
Comestibles
 d - a ration


   Skills:
 - Level 2.0 Fighting
 - Level 1.7 Throwing
 - Level 2.6 Dodging
 + Level 4.6 Unarmed Combat


You had 3 spell levels left.
You didn't know any spells.

Dungeon Overview and Level Annotations

Branches:
Dungeon (4/15)
 Temple: D:4-7

Altars:


Innate Abilities, Weirdness & Mutations

You have a pair of small horns on your head.
A weak demonic guardian rushes to your aid.


Message History

Unknown command.
You hit the orc but do no damage. Your ufetubus hits the orc.
Your ufetubus misses the orc. The orc hits you but does no damage.
Your shadow imp closely misses the orc.
Unknown command.
You hit the orc.
You kill the orc!
Unknown command.
You hit the orc but do no damage.
Your shadow imp disappears in a puff of smoke!
Your ufetubus closely misses the orc.
Your ufetubus hits the orc. The orc hits you with a mace.
* * * LOW HITPOINT WARNING * * *
Your ufetubus closely misses the orc. x2
Unknown command.
You barely miss the orc. You headbutt the orc, but do no damage.
The orc is lightly wounded.
The shadow imp shouts, "Face thy requiem, thou yeasty rude-growing bum-bailey!"
The shadow imp hits you.
You die...

#...........
#..)<.(.....
##...........
#oZ.###......
#o### .#....
#.# ...# ...
#####o##..#
.. #...o5§..#
. #..5@§####
#.....#
#.....#
#.....#
#.....#
#######


You could see a shadow imp, 4 orcs, an adder skeleton and a friendly ufetubus.

Vanquished Creatures
  A dart slug (D:2)
  A leopard gecko (D:2)
  5 orcs
  A goblin (D:2)
  2 hobgoblins (D:3)
  A ball python (D:2)
  2 bats (D:2)
  3 rats (D:2)
16 creatures vanquished.

Vanquished Creatures (collateral kills)
  A scorpion (D:4)
  A hound (D:4)
  4 orcs (D:4)
  2 giant cockroaches (D:4)
8 creatures vanquished.

Grand Total: 24 creatures vanquished

Notes
Turn   | Place    | Note
-------+----------+-------------------------------------------
     0 | D:1      | letownia2 the Demonspawn Gladiator began the quest for the Orb.
     0 | D:1      | Reached XP level 1. HP: 16/16 MP: 1/1
   119 | D:2      | Reached skill level 3 in Unarmed Combat
   178 | D:2      | Gained mutation: A weak demonic guardian rushes to your aid. [demonic ancestry]
   178 | D:2      | Reached XP level 2. HP: 21/22 MP: 2/2
   329 | D:4      | Noticed a scorpion
   342 | D:4      | Reached skill level 4 in Unarmed Combat
   342 | D:4      | Reached XP level 3. HP: 13/27 MP: 3/3
   347 | D:4      | Killed a scorpion
   347 | D:4      | Gained mutation: You have a pair of small horns on your head. [demonic ancestry]
   347 | D:4      | Reached XP level 4. HP: 7/33 MP: 4/4
   375 | D:4      | HP: 1/33 [orc/mace (3)]
   376 | D:4      | Slain by a shadow imp

Skill      XL: |  1  2 |
---------------+-------+-----
Unarmed Combat | 3 4 |  4.6
Fighting       | |  2.0
Throwing       | |  1.7
Dodging        | |  2.6

Action                   |  1- 3 |  4- 6 || total
-------------------------+-------+-------++-------
Melee: Unarmed           |    62 |    16 ||    78
       Headbutt          |       |     1 ||     1
Armor: Leather armour    |     9 |       ||     9
       Ring mail         |    14 |     9 ||    23
Dodge: Dodged            |    38 |    11 ||    49
